 Dungeon Sprint DCSS version 0.29-a0-337-g68df138881 (webtiles) character file.

Game seed: 16847324610384709812

7 mhtbhm the Sneak (level 1, -11/16 HPs)
             Began as a Spriggan Brigand on Apr 16, 2022.
             Mangled by a gnoll sergeant
             ... wielding a +0 trident
              (13 damage)
             ... in the Dungeon (Sprint IX: "|||||||||||||||||||||||||||||").
             The game lasted 00:00:41 (195 turns).

mhtbhm the Sneak (Spriggan Brigand)                  Turns: 195, Time: 00:00:41

Health: -11/16     AC:  3    Str:  7    XL:     1   Next: 91%
Magic:  2/2        EV: 16    Int: 12    God:
Gold:   0          SH:  0    Dex: 16    Spells: 0/0 levels left

rFire   . . .      SeeInvis +   a - +2 dagger
rCold   . . .      Faith    .   (no shield)
rNeg    . . .      Spirit   .   b - +0 robe
rPois   .          Reflect  .   (helmet restricted)
rElec   .          Harm     .   c - +0 cloak
rCorr   .          Rampage  .   (gloves unavailable)
Will    .....      NoTele   +   (boots unavailable)
Stlth   ..........              (no amulet)
HPRegen 0.05/turn               (no ring)
MPRegen 0.08/turn               (no ring)

@: berserking (expiring), very quick
A: very small, no large weapons, unfitting armour, see invisible, speed 3
a: no special abilities


You were in the Dungeon.
You visited 1 branch

Inventory:

Hand Weapons
 a - a +2 dagger (weapon)
Missiles
 d - 3 poisoned darts (quivered)
 e - 3 curare-tipped darts
Armour
 b - a +0 robe (worn)
 c - a +0 cloak (worn)
Scrolls
 k - a scroll of blinking
Potions
 h - a potion of haste
 i - 2 potions of magic


   Skills:
 + Level 1.7 Fighting
 + Level 3.1 Short Blades
 + Level 2.1 Throwing
 + Level 1.4 Dodging
 + Level 7.5 Stealth


You couldn't memorise any spells.
You didn't know any spells.
Your spell library was empty.

Dungeon Overview and Level Annotations

Branches:
Dungeon (1/1)

Altars:


Innate Abilities, Weirdness & Mutations

You are very small and have problems with some larger weapons.
You are too small for most types of armour.
You have supernaturally acute eyesight. (SInv)
You cover ground extremely quickly. (Speed+++)


Message History

Unknown command.
Okay, then.
There is a staircase leading out of the dungeon here.
Throw: 4 darts (poison)
Press: ? - help, Q - select action, (/) - cycle Shift-Dir - straight line, f/p - orc
Aim: an orc, wielding a +0 falchion and wearing a +0 leather armour (severely wounded, poisoned, 60% to hit)
You throw a poisoned dart.
The poisoned dart closely misses the orc.
The poisoned dart barely misses the phantom.
The poisoned dart hits the gnoll sergeant.
The gnoll sergeant looks even sicker.
The gnoll sergeant is moderately wounded.
Unknown command.
A red film seems to cover your vision as you go berserk!
You feel yourself moving faster!
You feel mighty!
The orc looks more healthy.
The orc misses you.
You barely miss the orc.
The orc is almost dead.
The orc barely misses you.
You completely miss the orc.
The orc is almost dead.
You puncture the orc!
You kill the orc!
You miss the phantom.
The phantom hits you but does no damage.
The gnoll sergeant completely misses you.
You puncture the phantom!
The phantom is moderately damaged.
The gnoll sergeant misses you.
The phantom hits you but does no damage.
The orc roars loudly.
You hit the phantom.
The phantom is moderately damaged.
Unknown command.
Unknown command.
You hit the phantom.
The phantom is severely damaged.
The gnoll sergeant hits you from afar with a +0 trident!
Ouch! That really hurt!
You die...

▓.▓
▓)▓
▓.▓
▓)▓
▓S▓
▓o▓
▓g▓
▓W▓
▓@▓
▓▓▓


You could see a phantom, a gnoll sergeant (poisoned), an adder and an orc.

Vanquished Creatures
  An orc (D)
  A ball python (D)
  A hobgoblin (D)
  A kobold (D)
  A bat (D)
  A goblin (D)
6 creatures vanquished.

Notes
Turn   | Place    | Note
-------+----------+-------------------------------------------
     0 | D        | mhtbhm the Spriggan Brigand began the quest for the Orb.
     0 | D        | Reached XP level 1. HP: 10/10 MP: 2/2
     6 | D        | Reached skill level 6 in Stealth
    18 | D        | Banished a spatial maelstrom
    33 | D        | Reached skill level 7 in Stealth
   169 | D        | Noticed a gnoll sergeant
   169 | D        | Noticed a phantom
   195 | D        | Mangled by a gnoll sergeant

Illustrated notes

Levels and vault maps discovered:
D:        linesprint [early_d, line_temple, items_1, d_10, items_2, lair_1,
          lair_end, items_3, orc_1, orc_end, items_4, d_15, swamp_1, shoals_1,
          snake_1, spider_1, d_20, vaults_1, items_5, swamp_end, shoals_end,
          snake_end, spider_end, vaults_end, d_27, items_6, zot_1, zot_end,
          crypt_end, forest_end, elf_end, slime_end, tomb_end, abyss_end,
          pan_hell_end]

Skill      XL: |  1 |
---------------+----+-----
Stealth        | 7 |  7.5
Short Blades   | 3 |  3.1
Fighting       | |  1.7
Throwing       | |  2.1
Dodging        | |  1.4

Action                   || total
-------------------------++-------
Melee: Dagger            ||    26
Throw: Dart              ||    13
  Use: Potion            ||     3
Armor: Robe              ||     5
Dodge: Dodged            ||    14

Table legend: (Time is in decaauts)
 A = Elapsed time spent in this place.
 B = Non-inter-level travel time spent in this place.
 C = Inter-level travel time spent in this place.
 D = Time resting spent in this place.
 E = Time spent auto-exploring this place.
 F = Levels seen in this place.
 G = Mean time per level.
                   A        B        C        D        E       F      G
               +--------+--------+--------+--------+--------+-----+--------+
         Total |    179 |    179 |      0 |    123 |      1 |   1 |  179.0 |
       Dungeon |    179 |    179 |      0 |    123 |      1 |   1 |  179.0 |
               +--------+--------+--------+--------+--------+-----+--------+

Top non-repeatable levels by time:
       D: 179 daAuts
